 Dungeon Crawl Stone Soup version 0.29-a0-486-ga88943ba61 (webtiles) character file.

Game seed: 13506805444817712272

15488 KateP the Cleaver (level 12, -1/114 HPs)
             Began as a Deep Dwarf Fighter on May 26, 2022.
             Was the Champion of Okawaru.
             Slain by Urug
             ... wielding a +4 demon trident of electrocution
              (25 damage)
             ... on level 11 of the Dungeon.
             The game lasted 00:24:47 (10011 turns).

KateP the Cleaver (Deep Dwarf Fighter)             Turns: 10011, Time: 00:24:48

Health: -1/114     AC: 20    Str: 26    XL:     12   Next: 1%
Magic:  14/14      EV:  7    Int: 13    God:    Okawaru [******]
Gold:   658        SH:  5    Dex: 12    Spells: 11/11 levels left

rFire   . . .      SeeInvis .   A - +0 battleaxe (vamp)
rCold   . . .      Faith    .   (shield currently unavailable)
rNeg    . . .      Spirit   .   g - +1 plate armour
rPois   +          Reflect  +   B - +2 hat {Int+3}
rElec   .          Harm     +   D - +0 cloak of Philately {Contam Harm Rampage rPois}
rCorr   .          Rampage  +   (no gloves)
Will    +....                   f - +0 pair of boots
Stlth   ..........              n - amulet of reflection
HPRegen 0.00/turn               (no ring)
MPRegen 0.14/turn               (no ring)

@: no status effects
A: damage resistance, heal wounds, sense surroundings 2, no regeneration,
passive freeze, strong 1, subdued magic 1, MP-powered wands
a: Heal Wounds, Renounce Religion, Heroism, Finesse, Duel


You were on level 11 of the Dungeon.
You worshipped Okawaru.
Okawaru was exalted by your worship.
You visited 2 branches of the dungeon, and saw 12 of its levels.

You collected 658 gold pieces.

Inventory:

Hand Weapons
 a - a +2 vampiric war axe
 z - a +2 demon whip of venom
 A - a +0 vampiric battleaxe (weapon)
Missiles
 i - 6 throwing nets
 y - 5 atropa-tipped darts
Armour
 f - a +0 pair of boots (worn)
 g - a +1 plate armour (worn)
 s - a +0 kite shield
 B - a +2 hat of intelligence (worn)
 D - the +0 cloak of Philately (worn) {Contam Harm Rampage rPois}
   (Okawaru gifted it to you on level 10 of the Dungeon)

   rPois:     It protects you from poison.
   Contam:    It causes magical contamination when unequipped.
   Harm:      It increases damage dealt and taken.
   Rampage:   It bestows one free step when moving towards enemies.
Jewellery
 n - an amulet of reflection (around neck)
 x - a ring of flight
Wands
 d - a wand of flame (14)
 u - a wand of mindburst (17)
 v - a wand of paralysis (6)
 w - a wand of polymorph (21)
 C - a wand of iceblast (4)
 E - a wand of acid (2)
Scrolls
 b - a scroll of fear
 c - 7 scrolls of identify
 h - 2 scrolls of magic mapping
 j - a scroll of amnesia
 k - a scroll of blinking
 m - 4 scrolls of teleportation
 o - 5 scrolls of fog
 q - 2 scrolls of enchant armour
Potions
 e - 6 potions of curing
 l - 2 potions of mutation
 p - 2 potions of flight
 r - a potion of brilliance
 t - 2 potions of cancellation


   Skills:
 + Level 9.2 Fighting
 * Level 14.6 Axes
 + Level 10.9 Armour
 - Level 3.2 Shields
 + Level 7.2 Invocations


You had 11 spell levels left.
You didn't know any spells.
Your spell library contained the following spells:

 Spells                   Type           Power      Damage    Failure   Level
 Foxfire                  Conj/Fire      0%         2x1d4     94%         1
 Sandblast                Erth           0%         2d4       94%         1
 Ensorcelled Hibernation  Hex/Ice        0%         N/A       98%         2
 Passwall                 Tmut/Erth      0%         N/A       98%         2
 Conjure Flame            Conj/Fire      0%         6-21      100%        3
 Inner Flame              Hex/Fire       0%         N/A       100%        3
 Ozocubu's Armour         Ice            0%         N/A       100%        3
 Stone Arrow              Conj/Erth      0%         3d7       100%        3
 Swiftness                Air            0%         N/A       100%        3
 Flame Wave               Conj/Fire      0%         2d4       100%        4
 Alistair's Intoxication  Tmut/Pois      0%         N/A       100%        5
 Borgnjor's Vile Clutch   Necr/Erth      0%         N/A       100%        5
 Metabolic Englaciation   Hex/Ice        0%         N/A       100%        5
 Eringya's Noxious Bog    Tmut/Pois      0%         N/A       100%        6
 Simulacrum               Ice/Necr       Unusable   N/A       N/A         6

Dungeon Overview and Level Annotations

Branches:
Dungeon (11/15)            Temple (1/1) D:5            Lair (0/6) D:9
    Orc (0/2) D:10

Altars:
Ashenzari
Cheibriados
Dithmenos
Elyvilon
Fedhas
Gozag
Hepliaklqana
Kikubaaqudgha
Makhleb
Nemelex Xobeh
Okawaru
Qazlal
Ru
Sif Muna
Trog
Uskayaw
Vehumet
Wu Jian
Xom
Yredelemnul
Zin
The Shining One
Beogh

Shops:
D:4 *   D:7 (

Annotations:
D:6 2 transporters
D:11 Urug


Innate Abilities, Weirdness & Mutations

You are resistant to damage.
You can heal yourself by infusing magical energy.
You passively map the area around you.
You do not regenerate.
A frigid envelope surrounds you and freezes all who hurt you.
Your muscles are strong. (Str +2)
Your spells are a little easier to cast, but a little less powerful.
You expend magic power (3 MP) to strengthen your wands.


Message History

The centaur is moderately wounded.
A centaur is nearby!
You slash the centaur!
You feel better.
You kill the centaur!
Okawaru accepts your kill.
E - a wand of acid (2) No target in view!
You see here a +0 shortbow.
Found a stone staircase leading down.
No target in view!
Found a hand axe.
No target in view!
You see here a +0 hand axe.
Urug the Orcish Ballista comes into view.
She is wielding a +4 demon trident of electrocution.
Urug shouts!
Urug hits you but does no damage.
You are electrocuted!!
Urug is nearby!
You are too injured to fight recklessly!
Urug is nearby!
Urug is nearby!
You are too injured to fight recklessly!
You are too injured to fight recklessly!
Urug is nearby!
You are too injured to fight recklessly!
Urug is nearby!
You rampage towards Urug!
You slash Urug!
You feel better.
Urug is moderately wounded.
Urug hits you with a +4 demon trident of electrocution!
Urug is very cold.
Urug is moderately wounded.
You closely miss Urug.
Urug is moderately wounded.
Urug hits you with a +4 demon trident of electrocution!
* * * LOW HITPOINT WARNING * * *
Urug is very cold.
Urug is moderately wounded.
You completely miss Urug.
Urug is moderately wounded.
Urug hits you with a +4 demon trident of electrocution!!
You die...

* , #.# #.#
###### #.#
#..... * #,
#.# #.####
#.####.# #.#
* #.#....###
#.#
#........#
#.#
###.####.#
#.# #@#
#.######.####
*** * #o#
#)...........
, #.#
########.####
* #.#
##...### #.#
#####.......
#.#
#........###
* * #.#
#.#####.## *
#.# * ,* #.#
* ,, #.#


You could see Urug.

Vanquished Creatures
  Harold (D:9)
  2 two-headed ogres
  Amaemon (D:8)
  Pikel (D:8)
  A cyclops (D:11)
  An elephant (D:9)
  Maurice (D:9)
  An orange demon (D:8)
  Maggie (D:8)
  3 trolls
  Grinder (D:6)
  2 hornets
  A shadow (D:10)
  A wraith (D:10)
  15 yaks
  2 basilisks (D:9)
  Grum (D:8)
  5 wargs (D:7)
  Menkaure (D:4)
  The ghost of blade888 the Firebug, an amateur OpFE of Vehumet (D:3)
  A water moccasin (D:7)
  2 sky beasts
  3 black bears
  7 orc warriors
  2 ice beasts
  9 ogres
  5 centaurs
  3 wolves (D:8)
  2 phantoms
  A lemure (D:8)
  3 bullfrogs
  A kobold brigand (D:8)
  8 gnoll sergeants
  3 scorpions
  4 wights (D:9)
  8 howler monkeys
  3 electric eels (D:9)
  10 hounds
  A jelly (D:7)
  11 orc priests
  A gnoll shaman (D:7)
  5 iguanas
  3 iron imps (D:8)
  13 orc wizards
  Robin (D:2)
  25 gnolls
  9 adders
  A shadow imp (D:7)
  5 white imps
  3 ufetubi
  6 worms
  3 dart slugs
  39 orcs
  5 bats
  6 endoplasms
  2 giant cockroaches
  15 goblins
  6 hobgoblins
  2 jackals (D:3)
  5 quokkas
  7 ball pythons
  2 frilled lizards
  16 kobolds
  2 rats (D:3)
312 creatures vanquished.

Vanquished Creatures (others)
  A kobold (D:8)
  A fungus (D:9)
  5 plants (D:7)
7 creatures vanquished.

Grand Total: 319 creatures vanquished

Notes
Turn   | Place    | Note
-------+----------+-------------------------------------------
     0 | D:1      | KateP the Deep Dwarf Fighter began the quest for the Orb.
     0 | D:1      | Reached XP level 1. HP: 20/20 MP: 1/1
   155 | D:1      | Reached XP level 2. HP: 22/27 MP: 2/2
   370 | D:1      | Found a faded altar of an unknown god.
   393 | D:1      | Reached skill level 3 in Axes
  1859 | D:2      | Reached XP level 3. HP: 34/34 MP: 3/3
  1867 | D:2      | Noticed Robin
  1883 | D:2      | Killed Robin
  1978 | D:2      | Reached XP level 4. HP: 21/42 MP: 4/4
  2677 | D:2      | Noticed a black bear
  2682 | D:2      | Killed a black bear
  2683 | D:2      | Reached skill level 4 in Axes
  2683 | D:2      | Reached XP level 5. HP: 20/49 MP: 5/5
  2824 | D:3      | Found a transporter.
  2828 | D:3      | Noticed blade888's ghost (amateur OpFE)
  3357 | D:3      | Found a transporter.
  3607 | D:3      | Found a bloodstained altar of Trog.
  3747 | D:3      | Reached skill level 5 in Axes
  3753 | D:3      | Killed blade888's ghost
  3754 | D:3      | Reached XP level 6. HP: 55/57 MP: 5/5
  4035 | D:4      | Reached skill level 5 in Armour
  4042 | D:4      | Noticed Menkaure
  4046 | D:4      | Killed Menkaure
  4047 | D:4      | Reached skill level 6 in Axes
  4047 | D:4      | Reached XP level 7. HP: 46/66 MP: 6/6
  4450 | D:4      | Found Vakum's Elemental Accessories.
  4546 | D:5      | Entered Level 5 of the Dungeon
  4676 | D:5      | Found a hazy altar of Hepliaklqana.
  4719 | D:5      | Reached skill level 7 in Axes
  4913 | D:5      | Reached skill level 5 in Fighting
  4913 | D:5      | Reached XP level 8. HP: 57/74 MP: 7/7
  5087 | D:5      | Found a blossoming altar of Fedhas.
  5244 | D:5      | Found a staircase to the Ecumenical Temple.
  5411 | D:5      | Identified the +0 ring mail of the Blessed Realm {Harm Fly
                  | rPois Will- Str-3}
  5600 | Temple   | Entered the Ecumenical Temple
  5641 | Temple   | Became a worshipper of Warmaster Okawaru
  5660 | Temple   | Gained mutation: A frigid envelope surrounds you and
                  | freezes all who hurt you. [potion of mutation]
  5660 | Temple   | Gained mutation: Your muscles are strong. (Str +2) [potion
                  | of mutation]
  5660 | Temple   | Gained mutation: You are frail. (-10% HP) [potion of
                  | mutation]
  5660 | Temple   | Gained mutation: Your spells are a little harder to cast,
                  | but a little more powerful. [potion of mutation]
  5849 | D:6      | Reached skill level 8 in Axes
  5901 | D:6      | Found a transporter.
  5939 | D:6      | Found a transporter.
  6252 | D:6      | Noticed Grinder
  6269 | D:6      | Killed Grinder
  6269 | D:6      | Reached * piety under Okawaru
  6294 | D:6      | Reached skill level 9 in Axes
  6720 | D:7      | Gained mutation: You passively map the area around you.
                  | [Deep Dwarf growth]
  6720 | D:7      | Reached XP level 9. HP: 71/73 MP: 8/8
  6737 | D:7      | Found Syajyen's Weapon Shoppe.
  6791 | D:7      | Reached ** piety under Okawaru
  6814 | D:7      | Reached skill level 10 in Axes
  6834 | D:7      | Lost mutation: Your spells are a little harder to cast, but
                  | a little more powerful. [potion of mutation]
  6834 | D:7      | Lost mutation: You are frail. (-10% HP) [potion of
                  | mutation]
  6834 | D:7      | Gained mutation: Your spells are a little easier to cast,
                  | but a little less powerful. [potion of mutation]
  6834 | D:7      | Gained mutation: You expend magic power (3 MP) to
                  | strengthen your wands. [potion of mutation]
  7147 | D:7      | Identified the +7 short sword "Amoler" {distort, Contam
                  | rPois Int+3 Dex+4}
  7193 | D:7      | Reached *** piety under Okawaru
  7196 | D:7      | Reached skill level 11 in Axes
  7351 | D:7      | Noticed a troll
  7422 | D:7      | Reached XP level 10. HP: 86/94 MP: 9/9
  7509 | D:7      | Reached **** piety under Okawaru
  7554 | D:7      | Reached skill level 12 in Axes
  7656 | D:7      | Reached skill level 1 in Invocations
  7859 | D:8      | Noticed Maggie
  7869 | D:8      | Reached ***** piety under Okawaru
  7876 | D:8      | Killed Maggie
  7876 | D:8      | Received a gift from Okawaru
  7937 | D:8      | Found a burning altar of Makhleb.
  8017 | D:8      | Noticed an orange demon
  8020 | D:8      | Noticed Grum
  8028 | D:8      | Noticed Amaemon
  8031 | D:8      | Killed an orange demon
  8060 | D:8      | Killed Amaemon
  8061 | D:8      | Reached skill level 13 in Axes
  8068 | D:8      | Killed Grum
  8069 | D:8      | Reached XP level 11. HP: 74/103 MP: 13/13
  8159 | D:8      | Noticed Pikel
  8167 | D:8      | Killed Pikel
  8523 | D:9      | Noticed Maurice
  8523 | D:9      | Noticed a two-headed ogre
  8534 | D:9      | Killed a two-headed ogre
  8534 | D:9      | Received a gift from Okawaru
  8535 | D:9      | Reached skill level 10 in Armour
  8549 | D:9      | Killed Maurice
  8550 | D:9      | Reached skill level 5 in Invocations
  8909 | D:9      | Found a staircase to the Lair.
  9033 | D:9      | Noticed Harold
  9042 | D:9      | Killed Harold
  9273 | D:10     | Entered Level 10 of the Dungeon
  9326 | D:10     | Reached skill level 14 in Axes
  9559 | D:10     | Noticed a two-headed ogre
  9567 | D:10     | Killed a two-headed ogre
  9769 | D:10     | Reached ****** piety under Okawaru
  9769 | D:10     | Identified the +0 cloak of Philately {Contam Harm Rampage
                  | rPois} (Okawaru gifted it to you on level 10 of the
                  | Dungeon)
  9769 | D:10     | Received a gift from Okawaru
  9770 | D:10     | Found a staircase to the Orcish Mines.
  9931 | D:11     | Reached XP level 12. HP: 66/114 MP: 14/14
 10007 | D:11     | Noticed Urug
 10011 | D:11     | Slain by Urug

Illustrated notes

Levels and vault maps discovered:
D:1:      onia_arrival_pyramid, layout_basic,
          shapermc_ecumenical_altar_mp_vishouse
D:2:      layout_basic, chequers_mini_garden, uniq_robin
D:3:      layout_basic, lightli_temple_of_fire, gammafunk_ghost_arena
D:4:      layout_layer_cave, palyth_stone_intersect, nicolae_elemental_shop,
          uniq_menkaure
D:5:      layout_basic, marbit_many_paths, lemuel_coloured_pillars_altar,
          temple_doors_e, serial_rivers, chequers_serial_rivers_micro_c,
          chequers_serial_rivers_room_b, chequers_serial_rivers_small_b,
          chequers_serial_rivers_large_b, cheibrodos_gnoll_hut
D:6:      layout_basic, gammafunk_ghost_stat_death,
          chequers_hall_statues_corner_a, uniq_grinder
D:7:      lemuel_castle_with_subvaults [lemuel_castle_interior_carwin_2],
          layout_loops_ring, serial_shops, shop
D:8:      layout_rooms, demons_altar, minmay_misc_feat_hallway,
          minmay_statues_item, uniq_maggie, uniq_grum, uniq_pikel, uniq_amaemon
D:9:      layout_roguey, david_lair_generic, minivault_14, uniq_harold,
          uniq_maurice
D:10:     minmay_angry_zag, layout_gridville, minmay_orc_entry_temple_small
D:11:     layout_loops_ring, uniq_erica, uniq_urug
Temple:   hc_temple_tempest_star

Skill      XL: |  1  2  3  4  5  6  7  8  9 10 11 |
---------------+----------------------------------+-----
Axes           | 3 4 5 6 7 9 11 13 14 | 14.6
Fighting       | 3 4 5 6 7 8 9 |  9.2
Armour         | 4 5 6 7 8 9 10 | 10.9
Invocations    | 4 7 |  7.2
Shields        | |  3.2

Action                   |  1- 3 |  4- 6 |  7- 9 | 10-12 || total
-------------------------+-------+-------+-------+-------++-------
Melee: War axe           |    85 |   127 |   290 |   230 ||   732
       Battleaxe         |       |       |       |   129 ||   129
 Abil: Heal Wounds       |       |     2 |     6 |    10 ||    18
  Use: Scroll            |     3 |     2 |    10 |     2 ||    17
       Potion            |     2 |     2 |     2 |     1 ||     7
Armor: Scale mail        |    67 |     6 |       |       ||    73
       Plate armour      |       |    99 |   148 |   163 ||   410
Dodge: Dodged            |    47 |    60 |    81 |    80 ||   268
Block: Buckler           |    11 |    29 |   102 |     4 ||   146
       Kite shield       |       |       |       |   172 ||   172
       Reflection        |       |       |       |    11 ||    11
       Other             |       |       |       |    31 ||    31

Table legend: (Time is in decaauts)
 A = Elapsed time spent in this place.
 B = Non-inter-level travel time spent in this place.
 C = Inter-level travel time spent in this place.
 D = Time resting spent in this place.
 E = Time spent auto-exploring this place.
 F = Levels seen in this place.
 G = Mean time per level.
                   A        B        C        D        E       F      G
               +--------+--------+--------+--------+--------+-----+--------+
         Total |  10149 |  10149 |      0 |   1440 |   5724 |  12 |  845.8 |
       Dungeon |   9916 |   9916 |      0 |   1440 |   5571 |  11 |  901.5 |
        Temple |    232 |    232 |      0 |      0 |    153 |   1 |  232.0 |
               +--------+--------+--------+--------+--------+-----+--------+

Top non-repeatable levels by time:
     D:1: 1795 daAuts
     D:7: 1134 daAuts
     D:5: 1115 daAuts
     D:3: 1041 daAuts
     D:2: 1004 daAuts
     D:6: 819 daAuts
     D:4: 768 daAuts
     D:9: 765 daAuts
     D:8: 735 daAuts
    D:10: 572 daAuts
  Temple: 232 daAuts
    D:11: 164 daAuts
